 Dungeon Crawl Stone Soup version 0.24-a0-525-g9231cdcba1 (webtiles) character file.

Game seed: 15606980830913064079

46 Gynju the Cudgeler (level 3, -2/22 HPs)
             Began as a Gargoyle Gladiator on Aug 2, 2019.
             Killed by divine providence
             ... invoked by an orc priest
              (13 damage)
             ... on level 2 of the Dungeon.
             The game lasted 00:01:26 (878 turns).

Gynju the Cudgeler (Gargoyle Gladiator)              Turns: 878, Time: 00:01:26

Health: -2/22      AC:  8    Str: 18    XL:     3   Next: 68%
Magic:  3/3        EV: 12    Int:  8    God:
Gold:   97         SH:  0    Dex: 11    Spells: 2/2 levels left

rFire    . . .     SeeInvis .   a - +0 flail
rCold    . . .     Gourm    .   (no shield)
rNeg     + . .     Faith    .   b - +0 leather armour
rPois    ∞         Spirit   .   c - +0 helmet
rElec    +         Reflect  .   l - +0 cloak
rCorr    .         Harm     .   (no gloves)
MR       .....                  (no boots)
Stlth    +.........             (no amulet)
HPRegen  0.07/turn              (no ring)
MPRegen  0.08/turn              (no ring)

@: no status effects
A: negative energy resistance 1, electricity resistance, unbreathing,
petrification resistance, rot immunity, AC +3
a: no special abilities


You were on level 2 of the Dungeon.
You were not hungry.

You visited 1 branch of the dungeon, and saw 2 of its levels.

You collected 97 gold pieces.

Inventory:

Hand Weapons
 a - a +0 flail (weapon)
Missiles
 d - 3 throwing nets (quivered)
 h - 6 poisoned darts
Armour
 b - a +0 leather armour (worn)
 c - a +0 helmet (worn)
 l - a +0 cloak (worn)
Scrolls
 e - a scroll of enchant armour {unknown}
 i - a scroll of identify {unknown}
 j - a scroll of immolation {unknown}
 k - a scroll of remove curse {unknown}
 m - a scroll of blinking {unknown}
Potions
 g - a potion of might {unknown}
 o - a potion of curing {unknown}
Comestibles
 f - 2 rations
 n - a chunk of flesh


   Skills:
 + Level 2.6 Fighting
 * Level 3.5 Maces & Flails
 + Level 2.2 Throwing
 + Level 1.2 Armour
 + Level 2.6 Dodging


You had 2 spell levels left.
You didn't know any spells.
Your spell library was empty.

Dungeon Overview and Level Annotations

Branches:
Dungeon (2/15)

Altars:


Innate Abilities, Weirdness & Mutations

You are resistant to torment.
Your stone body is resilient. (AC +3)
You are immune to poison.
You resist negative energy. (rN+)
You are resistant to electric shocks. (rElec)
You can survive without breathing.
You are immune to petrification.
You are immune to rotting.


Message History

You are too injured to fight recklessly!
You are too injured to fight recklessly!
You are too injured to fight recklessly!
You are too injured to fight recklessly!
You are too injured to fight recklessly!
You are too injured to fight recklessly!
You are too injured to fight recklessly!
You are too injured to fight recklessly!
You are too injured to fight recklessly!
You are too injured to fight recklessly!
You are too injured to fight recklessly!
You are too injured to fight recklessly!
You are too injured to fight recklessly!
You are too injured to fight recklessly!
You are too injured to fight recklessly!
You hit the orc but do no damage.
The orc priest calls down the wrath of Beogh upon you.
Beogh smites you!
Ouch! That really hurt!
You die...

... #'# #o# #.# #o# #o#
### #o# ..#### #@#
.....# #.# .....# . #.#
.....# .## #.#
.)...#### ..###.######
#.......# #.#........#
#.......# #.#........#
#.......####.#........#
####....#.........#####


You could see an orc priest and 3 orcs.

Vanquished Creatures
  An adder (D:2)
  A gnoll (D:1)
  4 leopard geckos (D:1)
  A giant cockroach (D:1)
  3 goblins
  2 hobgoblins (D:1)
  3 bats
  4 frilled lizards (D:1)
  5 kobolds
  2 rats (D:2)
26 creatures vanquished.

Notes
Turn   | Place    | Note
-------+----------+-------------------------------------------
     0 | D:1      | Gynju the Gargoyle Gladiator began the quest for the Orb.
     0 | D:1      | Reached XP level 1. HP: 12/12 MP: 1/1
    59 | D:1      | Reached XP level 2. HP: 18/18 MP: 2/2
   119 | D:1      | You fall into a shaft and drop 1 floor!
   122 | D:2      | Reached skill level 1 in Armour
   191 | D:2      | Reached XP level 3. HP: 20/22 MP: 3/3
   878 | D:2      | Killed from afar by an orc priest

Levels and vault maps discovered:
D:1:      psy_arrival_dodecagon, layout_rooms, minivault_4,
          minmay_misc_feat_chi, minmay_hexomino_f4
D:2:      minmay_angry_zag, layout_basic, first_ration, uniq_crazy_yiuf_cottage

Skill      XL: |  1  2 |
---------------+-------+-----
Armour         | 1 |  1.2
Throwing       | 2 |  2.2
Fighting       | |  2.6
Maces & Flails | |  3.5
Dodging        | |  2.6

Action                   || total
-------------------------++-------
Melee: Flail             ||    89
Armor: Leather armour    ||    45
Dodge: Dodged            ||    72

Table legend:
 A = Non-vault XP
 B = Vault XP
 C = Vault XP percentage of total XP
 D = Non-vault monster count
 E = Vault monster count
 F = Vault count percentage of total count
                 A         B        C        D         E       F
            +---------+---------+-------+---------+---------+-------
      Total |      48 |      19 |  28.4 |      22 |       4 |  15.4
            +---------+---------+-------+---------+---------+-------
        D:1 |      28 |      19 |  40.4 |      15 |       4 |  21.1
        D:2 |      20 |       0 |   0.0 |       7 |       0 |   0.0
            +---------+---------+-------+---------+---------+-------
